[Event "*** Titled Tuesday Blitz"]
[Site "Chess.com"]
[Date "2018.01.02"]
[Round "3"]
[White "AkshatChandra"]
[Black "Incognito_Knight"]
[Result "1/2-1/2"]
[WhiteElo "2673"]
[BlackElo "2537"]
[TimeControl "180+2"]
[EndTime "13:37:32 PST"]
[Termination "Game drawn by agreement"]

1. e4 e5 2. Nf3 Nc6 3. Bb5 Nf6 4. d3 Bc5 5. Bxc6 dxc6 6. Nbd2 Nd7 7. Nc4 Bd6 8. Qe2 f6 9. O-O O-O 10. Nh4 Nc5 11.
Nf5 Bxf5 12. exf5 Re8 13. Nd2 Bf8 14. Ne4 Nxe4 15. dxe4 Qe7 16. Be3 Red8 17. Rfd1 Qb4 18. c4 Bc5 19. a3 Qb6 20. b4 Bxe3 21. fxe3 c5 22. b5 a6 23. a4 c6 24. a5 Qc7 25.
b6 Qe7 26. h4 Rxd1+ 27. Rxd1 Rd8 28. Rd3 Rxd3 29. Qxd3 Kf7 30. Kh2 Ke8 31. Qd1 h6 32. Kg3 Kf8 33. Kg4 Ke8 34. g3 Kf8 35. Kh3 Ke8 36.
Kg2 Kf8 37. Kh3 Ke8 38. Qh5+ Kf8 39. Qd1 Ke8 40. g4 Qd7 41. Qxd7+ Kxd7 42. g5 h5 43. g6 1/2-1/2

[Event "*** Titled Tuesday Blitz"]
[Site "Chess.com"]
[Date "2018.01.02"]
[Round "3"]
[White "Babbelbox"]
[Black "Keaton87"]
[Result "1-0"]
[WhiteElo "2431"]
[BlackElo "2532"]
[TimeControl "180+2"]
[EndTime "13:37:32 PST"]
[Termination "Babbelbox won on time"]

1. d4 Nf6 2. c4 g6 3. Nc3 Bg7 4. e4 O-O 5. Be2 c6 6. e5 Ne8 7. f4 d6 8. Nf3 Nd7 9. O-O dxe5 10. dxe5 Nc7 11. Kh1 Nc5 12. b4 Qxd1 13. Rxd1 N5a6 14.
Ba3 Bg4 15. b5 Nb8 16. Bxe7 Re8 17. Bh4 Nd7 18. Ne4 Nb6 19. Nd6 Reb8 20. Rac1 Ne6 21. Bg3 Bf8 22. Ne4 Be7 23. h3 Bf5 24. Nd6 Bxd6 25.
exd6 c5 26. Ne5 f6 27. Nf3 Rd8 28. Bh2 Kf7 29. Kg1 Rd7 30. g4 Be4 31. Kf2 Bxf3 32. Bxf3 f5 33. gxf5 gxf5 34. Bh5+ Kf6 35. Bg3 Nd4 36.
Bh4+ Ke6 37. Be7 Rxd6 38. Bxd6 Kxd6 39. Rxd4+ cxd4 40. c5+ 1-0

[Event "*** Titled Tuesday Blitz"]
[Site "Chess.com"]
[Date "2018.01.02"]
[Round "3"]
[White "maciek_92"]
[Black "AnonymousBread"]
[Result "1-0"]
[WhiteElo "2537"]
[BlackElo "2416"]
[TimeControl "180+2"]
[EndTime "13:37:37 PST"]
[Termination "maciek_92 won by resignation"]

1. c4 Nf6 2. Nc3 g6 3. g3 Bg7 4. Bg2 O-O 5. d4 d6 6. Nf3 c6 7. O-O Qa5 8. h3 e5 9. d5 cxd5 10. cxd5 b5 11. Nd2 b4 12. Nce4 Bb7 13. Nxf6+ Bxf6 14. b3 Nd7 15. Nc4 Qc7 16. Bb2 Nb6 17. Na5 Ba6 18. Rc1 Qd7 19. Nc6 Rac8 20. Qd2 Bb7 21. Nxb4 Rxc1 22. Rxc1 Rc8 23. Nc6 Ba8 24. a4 Qb7 25. Kh2 Nd7 26. b4 Kg7 27. e3 Qa6 28. a5 Nb8 29. b5 Qb7 30. Bf1 Qd7 31. a6 h5 32. h4 Kh7 33. Bh3 1-0

[Event "*** Titled Tuesday Blitz"]
[Site "Chess.com"]
[Date "2018.01.02"]
[Round "3"]
[White "Marcus_Harvey"]
[Black "TijanaBlagojevic"]
[Result "1-0"]
[WhiteElo "2571"]
[BlackElo "2379"]
[TimeControl "180+2"]
[EndTime "13:37:38 PST"]
[Termination "Marcus_Harvey won by resignation"]

1. Nf3 d5 2. b3 c6 3. Bb2 Bg4 4. e3 Nd7 5. Be2 Ngf6 6. O-O e6 7. h3 Bh5 8. d4 Bd6 9. c4 O-O 10. Nc3 a5 11. Nd2 Bxe2 12. Qxe2 e5 13. dxe5 Nxe5 14.
cxd5 cxd5 15. Nb5 Ne4 16. Nxe4 dxe4 17. Rad1 Nd3 18. Bxg7 Kxg7 19. Qg4+ Kh8 20. Qxe4 Nxf2 21. Qd4+ f6 22. Kxf2 Be5 23. Qxd8 Rfxd8 24. Ke2 a4 25. b4 Rac8 26. Rxd8+ Rxd8 27. Rc1 Kg7 28. Rc4 Kg6 29. Nd4 Rd6 30. b5 Rd5 31. Rb4 Rc5 32. Kd3 h5 33. g4 h4 34. a3 Bg3 35. Rxa4 Rc1 36. Ra7 b6 37. Nf5 Bc7 38. Nxh4+ Kg5 39. Nf3+ Kg6 40.
a4 Rc5 41. Nd4 Kg5 42. Ne6+ 1-0

[Event "*** Titled Tuesday Blitz"]
[Site "Chess.com"]
[Date "2018.01.02"]
[Round "3"]
[White "kleinebeer98"]
[Black "tigra"]
[Result "0-1"]
[WhiteElo "2516"]
[BlackElo "2682"]
[TimeControl "180+2"]
[EndTime "13:37:44 PST"]
[Termination "tigra won on time"]

1. e4 e6 2. d4 d5 3. Nd2 c5 4. exd5 exd5 5. Ngf3 Nf6 6. Bb5+ Bd7 7. Bxd7+ Nbxd7 8. O-O Be7 9. Re1 O-O 10. b3 Rc8 11.
Bb2 c4 12. bxc4 dxc4 13. c3 b5 14. a4 b4 15. Qe2 bxc3 16. Bxc3 Nd5 17. Rac1 a5 18.
Ne5 Nf4 19. Qg4 Nxe5 20. dxe5 Nd3 21. Ne4 Nxc1 22. Rxc1 Qd5 23. Nf6+ Bxf6 24. exf6 g6 25. Rd1 h5 26. Qe2 Rce8 27. Qc2 Qc5 28. Qc1 Kh7 29.
Bd4 Qc6 30. Qg5 Rd8 31. Qf4 Rd5 32. h4 Qd6 0-1

[Event "*** Titled Tuesday Blitz"]
[Site "Chess.com"]
[Date "2018.01.02"]
[Round "3"]
[White "Blitzstream"]
[Black "mokerslag"]
[Result "1/2-1/2"]
[WhiteElo "2486"]
[BlackElo "2357"]
[TimeControl "180+2"]
[EndTime "13:37:47 PST"]
[Termination "Game drawn by repetition"]

1. e4 c5 2. b4 cxb4 3. d4 d5 4. e5 Nc6 5. Nf3 Bg4 6. Be3 e6 7. h3 Bh5 8. Be2 Nge7 9. O-O Nf5 10. Bg5 f6 11. exf6 gxf6 12. Bf4 Bd6 13. Bxd6 Qxd6 14. g4 Rg8 15. Kh1 Bxg4 16. hxg4 Rxg4 17. Rg1 h5 18.
Nbd2 O-O-O 19. Qf1 Rdg8 20. Qh3 Qf4 21. Qh2 Qxh2+ 22.
Nxh2 Rxg1+ 23. Rxg1 Rxg1+ 24. Kxg1 Nfxd4 25. Bd1 Kd7 26. Nhf3 a5 27. Nxd4 Nxd4 28. Nb3 Nxb3 29. cxb3 Kd6 30.
Bxh5 d4 31. Kf1 f5 32. Ke2 e5 33. f4 e4 34. Bf7 b6 35. Bc4 Ke7 36. Ba6 Kf6 37.
Bc8 Kg6 38. Kf2 Kf6 39. Ke2 Kg6 40. Kd2 Kf6 41. Ke2 Kg6 42. Bd7 Kf6 43. Kf2 Kg6 44.
Ke2 Kf6 45. Kd2 Kg6 46. Ke2 1/2-1/2

[Event "*** Titled Tuesday Blitz"]
[Site "Chess.com"]
[Date "2018.01.02"]
[Round "3"]
[White "chito89"]
[Black "DanielNaroditsky"]
[Result "0-1"]
[WhiteElo "2597"]
[BlackElo "2819"]
[TimeControl "180+2"]
[EndTime "13:37:55 PST"]
[Termination "DanielNaroditsky won by resignation"]

1. d4 Nf6 2. c4 g6 3. Nf3 Bg7 4. g3 O-O 5. Bg2 d6 6. O-O Nbd7 7. Nc3 e5 8. Qc2 c6 9. Rd1 Qe7 10. b3 Re8 11. dxe5 dxe5 12. Ng5 Nc5 13. Ba3 Bf5 14. Qc1 h6 15. Qe3 hxg5 16. Bxc5 Ng4 17. Bxe7 Nxe3 18. fxe3 Rxe7 19. Ne4 Bxe4 20. Bxe4 f5 21.
Bc2 e4 22. Rab1 g4 23. Rd6 Kf7 24. Rbd1 Be5 25. Rd8 Rxd8 26. Rxd8 Bc7 27. Ra8 Bb6 28. b4 Bxe3+ 29. Kg2 g5 30. c5 f4 31. Bb3+ Kg7 32.
Rg8+ Kh7 33. Rf8 f3+ 34. Kf1 Kg7 35. Rg8+ Kf6 36. Rf8+ Ke5 37. Rf7 Rxf7 38. Bxf7 Bd2 39. Bh5 Bxb4 40. Bxg4 fxe2+ 41. Kxe2 Bxc5 42. h4 gxh4 43. gxh4 Be7 44. h5 Bg5 45. Bc8 b5 46. Bd7 Kd6 47.
Bf5 Kd5 0-1

[Event "*** Titled Tuesday Blitz"]
[Site "Chess.com"]
[Date "2018.01.02"]
[Round "3"]
[White "GGuseinov"]
[Black "GMKrikor"]
[Result "1-0"]
[WhiteElo "2654"]
[BlackElo "2663"]
[TimeControl "180+2"]
[EndTime "13:37:56 PST"]
[Termination "GGuseinov won on time"]

1. e4 e5 2. Nf3 Nc6 3. Bb5 Nf6 4. O-O Nxe4 5. d4 Nd6 6. dxe5 Nxb5 7. a4 Nbd4 8. Nxd4 d5 9. Nxc6 bxc6 10. Nd2 Be7 11. Nb3 c5 12. Na5 Qd7 13. f4 g6 14. f5 gxf5 15. e6 Qxe6 16. Re1 Qd6 17. Qf3 Be6 18.
Bf4 Qd7 19. Rad1 Qxa4 20. Ra1 Qd7 21. Rad1 Rb8 22. c4 d4 23. Nc6 Rxb2 24. Ne5 Qc8 25. Qc6+ Kd8 26. Nxf7+ Bxf7 27. Rxe7 Kxe7 28. Bg5+ Kf8 29.
Bh6+ Ke7 30. Qxc5+ Ke8 31. Qe5+ Kd7 32. Qxd4+ Kc6 33.
Qxb2 Qb8 34. Qf6+ 1-0

[Event "*** Titled Tuesday Blitz"]
[Site "Chess.com"]
[Date "2018.01.02"]
[Round "3"]
[White "LawrenceTrent"]
[Black "asms9699"]
[Result "0-1"]
[WhiteElo "2382"]
[BlackElo "2458"]
[TimeControl "180+2"]
[EndTime "13:37:58 PST"]
[Termination "asms9699 won by checkmate"]

1. e4 e6 2. d4 d5 3. Nd2 c5 4. exd5 Qxd5 5. Ngf3 cxd4 6. Bc4 Qd6 7. O-O Nf6 8. Nb3 Nc6 9. Nbxd4 Nxd4 10. Nxd4 a6 11. Re1 Bd7 12. c3 Qc7 13. Bb3 Bd6 14. Nf5 Bxh2+ 15.
Kh1 O-O-O 16. Ne3 Bc6 17. Qe2 Bf4 18. a4 h5 19. Nc4 h4 20. Bxf4 Qxf4 21. Qe5 Qxe5 22.
Nxe5 h3 23. Nxc6 hxg2+ 24. Kxg2 bxc6 25. a5 Kc7 26. Bc4 Kb7 27. Ra3 Rh5 28. Rea1 Rd2 29. Rb3+ Kc7 30. Bxa6 Rf5 31. Rf1 Rxa5 32. Rb7+ Kd6 33.
Bc4 Nd7 34. b4 Rg5+ 35. Kh1 Ne5 36. Ba6 Rg4 37. f4 Nd3 38. Bxd3 Rxd3 39. Rxf7 Rh3# 0-1

[Event "*** Titled Tuesday Blitz"]
[Site "Chess.com"]
[Date "2018.01.02"]
[Round "3"]
[White "Angry_Serb"]
[Black "TST2014"]
[Result "0-1"]
[WhiteElo "2427"]
[BlackElo "2311"]
[TimeControl "180+2"]
[EndTime "13:38:00 PST"]
[Termination "TST2014 won by resignation"]

1. e4 c5 2. Nc3 Nc6 3. Bb5 Nd4 4. Nf3 Nxb5 5. Nxb5 a6 6. Nc3 e6 7. d4 cxd4 8. Qxd4 Ne7 9. Bg5 Nc6 10. Qe3 Qa5 11. O-O-O Bb4 12. Nd5 O-O 13. Nxb4 Nxb4 14. a3 f6 15. axb4 Qa1+ 16. Kd2 Qxb2 17. Rb1 Qa2 18. Bf4 e5 19. Bg3 d5 20. Qb3 Qxb3 21. Rxb3 dxe4 22. Ne1 Re8 23. f3 Bf5 24. fxe4 Bxe4 25. Rf1 Red8+ 26. Ke3 Bg6 27. Nd3 Rac8 28. Rf2 Rc4 29. Re2 Rdd4 30. Kf2 Bh5 31. Re1 Rxc2+ 32. Kg1 Bf7 33. Ra3 Bd5 34. Bf2 Rg4 35. g3 Rgc4 36. Rd1 Bf3 37. Re1 e4 38. Nc5 Rxb4 39. Ne6 Rbb2 40. Bd4 Rg2+ 41. Kf1 Rxh2 42. Rc1 Rh1+ 43. Bg1 Bg2+ 0-1

[Event "*** Titled Tuesday Blitz"]
[Site "Chess.com"]
[Date "2018.01.02"]
[Round "3"]
[White "ckgchess"]
[Black "BillForster"]
[Result "1-0"]
[WhiteElo "2481"]
[BlackElo "1516"]
[TimeControl "180+2"]
[EndTime "13:38:03 PST"]
[Termination "ckgchess won on time"]

1. e4 c5 2. Nf3 a6 3. c4 e6 4.
Nc3 Nc6 5. Be2 d6 6. d4 cxd4 7. Nxd4 Be7 8. O-O Nf6 9. Be3 O-O 10. Rc1 Bd7 11. Qd2 Rc8 12. Rfd1 Qc7 13. f3 Qb8 14. Bf1 Rfd8 15. b3 Be8 16. Nxc6 Bxc6 17. Bb6 Rd7 18. Ne2 Bd8 19. Bxd8 Rcxd8 20. Nd4 d5 21. cxd5 exd5 22. Rxc6 bxc6 23. e5 Qxe5 24. Nxc6 Qd6 25. Nxd8 Rxd8 26. Qd4 Qa3 27. Qb6 Rf8 28.
Qxa6 Qb2 29. Qe2 Qc3 30. Qd2 Qc5+ 31. Qd4 Qc2 32. Qd2 Qc5+ 33. Qf2 Qc3 34. Kh1 Qa5 35. Qd2 Qc5 36. b4 Qb6 37. a4 Rb8 38. Rb1 g6 39. a5 Qa7 40. b5 Qc5 41. b6 1-0

[Event "*** Titled Tuesday Blitz"]
[Site "Chess.com"]
[Date "2018.01.02"]
[Round "3"]
[White "DagurR"]
[Black "juniortay"]
[Result "1-0"]
[WhiteElo "2314"]
[BlackElo "2288"]
[TimeControl "180+2"]
[EndTime "13:38:03 PST"]
[Termination "DagurR won by resignation"]

1. b3 e5 2. Bb2 Nc6 3. e3 Nf6 4. c4 d5 5. cxd5 Nxd5 6. d3 Bd6 7.
Nf3 O-O 8. Be2 f5 9. O-O Nf6 10. a3 Qe8 11. Nbd2 Qg6 12. Nc4 e4 13. dxe4 fxe4 14.
Ne1 Bg4 15. Nxd6 cxd6 16. Bc4+ Kh8 17. Qxd6 Rad8 18. Qg3 Nh5 19. Qh4 Na5 20. Bf7 Qxf7 21. Qxg4 Nxb3 22. Qxe4 Nxa1 23. Bxa1 Rd1 24. Nf3 Rxf1+ 25.
Kxf1 b5 26. Bd4 Re8 27. Ne5 Qc4+ 28. Nxc4 Rxe4 29. Nd6 Re7 30. Nxb5 a6 31. Nd6 Nf6 32. Ke2 Rc7 33. Kd3 Kg8 34. Nc4 Ng4 35. e4 Nxh2 36. f3 h5 37. Be5 Rd7+ 38. Ke2 Nf1 39. Ke1 Rd1+ 40. Kxd1 1-0

[Event "*** Titled Tuesday Blitz"]
[Site "Chess.com"]
[Date "2018.01.02"]
[Round "3"]
[White "Squirlolz"]
[Black "milovanratkovic"]
[Result "1-0"]
[WhiteElo "2487"]
[BlackElo "2452"]
[TimeControl "180+2"]
[EndTime "13:38:07 PST"]
[Termination "Squirlolz won on time"]

1. e4 c6 2. Nc3 d5 3. Nf3 Bg4 4. h3 Bh5 5. d3 e6 6. g4 Bg6 7. Qe2 Nf6 8. Bg2 Be7 9. Bd2 Qb6 10. O-O-O d4 11. Nb1 c5 12. Ne5 Nfd7 13. Nxd7 Nxd7 14. f4 f6 15. e5 fxe5 16. fxe5 O-O-O 17. Na3 Qa6 18. Kb1 Kb8 19. Nc4 Nb6 20. Nd6 Bxd6 21. exd6 Na4 22. Qxe6 Ka8 23. Bf4 Rhf8 24. Rhf1 Bf7 25.
Qe7 Rde8 26. Qxb7+ Qxb7 27. Bxb7+ Kxb7 28. d7 Re6 29. Bg3 Rd8 30. Rxf7 Rb6 31. Re1 Rxb2+ 32. Kc1 Rxa2 33. Kd2 Nc3 34. Bh4 Kc7 35. Bxd8+ 1-0

[Event "*** Titled Tuesday Blitz"]
[Site "Chess.com"]
[Date "2018.01.02"]
[Round "3"]
[White "CookiesAndIceCream"]
[Black "AndrewMcStone"]
[Result "1-0"]
[WhiteElo "2056"]
[BlackElo "2068"]
[TimeControl "180+2"]
[EndTime "13:38:13 PST"]
[Termination "CookiesAndIceCream won on time"]

1. e4 Nc6 2. Nf3 d6 3. d4 Nf6 4.
Nc3 g6 5. d5 Nb8 6. Be2 Bg7 7. O-O O-O 8. Be3 e5 9. dxe6 Bxe6 10.
Nd4 Bd7 11. f4 Re8 12. Bf3 Nc6 13. Qd2 Ng4 14. Bxg4 Bxg4 15. Nxc6 bxc6 16. f5 gxf5 17. exf5 Qh4 18. Bg5 Qh5 19. h3 Bxh3 20. gxh3 Bxc3 21. bxc3 Re2 22. Qf4 Qxh3 23. Rf2 Rae8 24. Raf1 R2e4 25. Qh2 Rg4+ 26. Rg2 Qxh2+ 27. Kxh2 Rxg2+ 28. Kxg2 Re2+ 29. Rf2 Re1 30. Bf6 Ra1 31. Kf3 Rxa2 32. Rg2+ Kf8 33. Rh2 Ke8 34. Ke3 c5 35. Kd3 Ra4 36. Rxh7 Rf4 37.
Rh5 a5 38. Ke3 Rf1 39. Rh8+ Kd7 40. Rf8 Kc6 41. Rxf7 Rxf5 42. Rf8 Rf1 43. Bg7 a4 44. Rxf1 1-0

[Event "*** Titled Tuesday Blitz"]
[Site "Chess.com"]
[Date "2018.01.02"]
[Round "3"]
[White "gkchesstiger"]
[Black "RoelandPruijssers"]
[Result "1/2-1/2"]
[WhiteElo "2603"]
[BlackElo "2483"]
[TimeControl "180+2"]
[EndTime "13:38:16 PST"]
[Termination "Game drawn by agreement"]

1. d4 Nf6 2. Nf3 g6 3. Bf4 Bg7 4. c3 O-O 5. h3 d6 6. Nbd2 Nbd7 7. Bh2 b6 8. a4 a6 9. e4 Bb7 10. Bd3 c5 11. O-O Re8 12. e5 dxe5 13. dxe5 Nd5 14.
Re1 e6 15. Ne4 Qc7 16. Nd6 Red8 17. Nxb7 Qxb7 18. Qe2 Rdc8 19. Nd2 b5 20. Ne4 c4 21. Bc2 Qc7 22. Nd6 Rd8 23. axb5 Nxe5 24. Nxf7 Kxf7 25. bxa6 Rdb8 26. Bxe5 Bxe5 27. Qxe5 Qxe5 28. Rxe5 Rxb2 29. Be4 Rb5 30. Bf3 Kf6 31. Re4 Rb6 32. a7 Rb7 33. Rae1 Rb6 34. Rxc4 Rxa7 35. Rc5 Nf4 36. Rd1 Rba6 37.
Rc4 g5 38. h4 h6 39. hxg5+ hxg5 40. g3 Ng6 41. Re4 Ra1 42. Ree1 Rxd1 43. Rxd1 Ne5 44.
Be2 Ra2 45. Kf1 Rc2 1/2-1/2

[Event "*** Titled Tuesday Blitz"]
[Site "Chess.com"]
[Date "2018.01.02"]
[Round "3"]
[White "IamSchrodingersCat"]
[Black "ChessicallyInclined"]
[Result "1-0"]
[WhiteElo "2374"]
[BlackElo "2218"]
[TimeControl "180+2"]
[EndTime "13:38:17 PST"]
[Termination "IamSchrodingersCat won by resignation"]

1. e4 e5 2. Nf3 Nc6 3. Bb5 a6 4. Ba4 Nf6 5. d4 Nxe4 6. dxe5 Nc5 7. Bxc6 dxc6 8. Qxd8+ Kxd8 9. Nc3 Bf5 10. Bg5+ Kc8 11. O-O-O Ne6 12. Be3 Be7 13. h3 h5 14. Ne2 c5 15.
Nf4 Nxf4 16. Bxf4 b6 17. Bg5 Bxg5+ 18. Nxg5 Be6 19. Rd3 Rd8 20. Rhd1 Rxd3 21. Rxd3 Kb7 22. Nxe6 fxe6 23. Rd7 Rf8 24. f3 Rf5 25. Rxg7 Rxe5 26.
Kd2 Kc6 27. g4 hxg4 28. fxg4 c4 29. h4 Rd5+ 30. Kc3 b5 31. h5 e5 32. h6 Rd4 33.
h7 a5 34. a3 Kc5 35. Rxc7+ Kb6 36. Re7 Rd8 37. g5 e4 38. g6 Kc5 39. Re5+ Kd6 40. Rxe4 Kc5 41. Re5+ Kc6 42. Rf5 Rb8 43. g7 b4+ 44. axb4 axb4+ 45. Kxc4 1-0

[Event "*** Titled Tuesday Blitz"]
[Site "Chess.com"]
[Date "2018.01.02"]
[Round "3"]
[White "Rsnr"]
[Black "NewBornNow"]
[Result "1/2-1/2"]
[WhiteElo "2630"]
[BlackElo "2675"]
[TimeControl "180+2"]
[EndTime "13:38:19 PST"]
[Termination "Game drawn by agreement"]

1. d4 d6 2. Nf3 Nf6 3. c4 g6 4. Nc3 Bf5 5. g3 Bg7 6. Bg2 O-O 7. O-O Ne4 8. Nh4 Nxc3 9. bxc3 Bc8 10. f4 Nc6 11. f5 Na5 12. Qd3 Rb8 13. e4 b6 14.
fxg6 fxg6 15. Rxf8+ Qxf8 16. Nf3 Ba6 17. Bf4 Bxc4 18.
Qe3 h6 19. h4 Bf7 20. e5 Nc4 21. Qe2 b5 22. e6 Be8 23. Nd2 Qf5 24. Nxc4 bxc4 25.
Rf1 Qd3 26. Qxd3 cxd3 27. Be4 Rb2 28. Bxd3 Bc6 29. Rf2 Rxf2 30. Kxf2 Bd5 31. Bxg6 Bxa2 32. Bf7+ Kf8 33. Ke2 a5 34. Kd2 Bc4 35. Kc2 Bd5 36. Kb2 c5 37. Be3 cxd4 38. cxd4 a4 39. Ka3 Bb3 40. g4 Bd1 41. g5 hxg5 42. hxg5 Bb3 43. Kb4 Bh8 44. g6 Bg7 45. Ka3 1/2-1/2

[Event "*** Titled Tuesday Blitz"]
[Site "Chess.com"]
[Date "2018.01.02"]
[Round "3"]
[White "julinha97"]
[Black "korason34"]
[Result "1-0"]
[WhiteElo "2223"]
[BlackElo "2327"]
[TimeControl "180+2"]
[EndTime "13:38:19 PST"]
[Termination "julinha97 won by resignation"]

1. e4 c5 2. Nf3 d6 3. d4 cxd4 4. Nxd4 Nf6 5. Nc3 a6 6. Be3 e5 7. Nb3 Be6 8. Qd2 Nbd7 9. O-O-O Be7 10. f4 Ng4 11. g3 Nxe3 12. Qxe3 O-O 13. Kb1 b5 14. f5 Bxb3 15. cxb3 Rc8 16. Nd5 Bg5 17. Qf3 Nb6 18. Be2 Nxd5 19. Rxd5 Rc6 20. h4 Bh6 21. Rhd1 Qc7 22. a3 Rc8 23. g4 Rc1+ 24.
Ka2 Qc2 25. Qd3 Qxd3 26. R5xd3 R1c2 27. Rxd6 Kf8 28. g5 Rxe2 29. gxh6 gxh6 30. f6 Ke8 31. Rxa6 Rxe4 32. Ra7 Rf4 33. Re7+ Kf8 34. Rxe5 Rxf6 35. Rxb5 Rf4 36. h5 Rf2 37. a4 Rcc2 38. Rb1 f5 39. a5 f4 40. a6 Rc7 41. Rb7 Rc6 42. Rb8+ Kf7 43. Ra8 f3 44. b4 Re2 45. b5 Rc5 46. a7 Re7 47. Rf8+ Kxf8 48. a8=Q+ Kf7 49. Qxf3+ Ke8 50. b4 Ra7+ 51. Kb3 1-0

[Event "*** Titled Tuesday Blitz"]
[Site "Chess.com"]
[Date "2018.01.02"]
[Round "3"]
[White "SanQui14"]
[Black "pandamaster3000"]
[Result "1-0"]
[WhiteElo "2197"]
[BlackElo "2262"]
[TimeControl "180+2"]
[EndTime "13:38:20 PST"]
[Termination "SanQui14 won by resignation"]

1. e4 e6 2. d4 d5 3. e5 c5 4. c3 Nc6 5. Nf3 Bd7 6. a3 f6 7. b4 fxe5 8. dxe5 Qc7 9. Bf4 c4 10. Be2 Nge7 11. O-O Ng6 12. Bg3 Be7 13. Re1 O-O-O 14.
Bf1 h5 15. h3 Rdf8 16. a4 Nf4 17. Na3 a6 18. Nc2 g5 19. b5 Na5 20. bxa6 bxa6 21. Nb4 Qa7 22. Nd4 Rhg8 23. Be2 g4 24. hxg4 hxg4 25. Bxg4 Nb3 26. Bxf4 Nxd4 27. Be3 Bc5 28.
Bxd4 a5 29. Nc2 Rf4 30. f3 Be8 31. Qd2 Rgf8 32. Qe3 Bxd4 33. Nxd4 Qh7 34. Bxe6+ Kd8 35. Bh3 R4f7 36. Ne6+ Ke7 37. Nxf8 Kxf8 38. e6 Rg7 39. e7+ Kg8 40. Qe6+ Kh8 41. Qf5 Qh4 42. Re5 Qg3 43.
Qf8+ Kh7 44. Qxe8 Qxf3 45. Rh5+ 1-0

[Event "*** Titled Tuesday Blitz"]
[Site "Chess.com"]
[Date "2018.01.02"]
[Round "3"]
[White "DiamondCrusher22"]
[Black "BillCoe"]
[Result "1-0"]
[WhiteElo "1948"]
[BlackElo "1939"]
[TimeControl "180+2"]
[EndTime "13:38:24 PST"]
[Termination "DiamondCrusher22 won on time"]

1. e4 c5 2. Nf3 e6 3. c3 d5 4. exd5 Qxd5 5. d4 Nf6 6. Be3 Nbd7 7. Bd3 Be7 8. O-O O-O 9. Nbd2 cxd4 10. cxd4 b6 11. Bc4 Qh5 12. Ne5 Qxd1 13. Rfxd1 Nxe5 14. dxe5 Nd7 15. Nf3 Nc5 16. b4 Na6 17. a3 Rd8 18. Nd4 Nb8 19. Nb5 Nc6 20. Nc7 Rb8 21. f4 Bb7 22. f5 Nxe5 23. Bb3 Bd5 24. Nxd5 exd5 25. Bf4 Bf6 26. Bxd5 Rbc8 27. Kf1 Kf8 28. Be4 Rxd1+ 29. Rxd1 Ke7 30. Rd5 Nc4 31. Bf3 Rd8 32. Rxd8 Kxd8 33. a4 a5 34. bxa5 bxa5 35. Bd5 Nb2 36. Bb3 Ke7 37.
Ke2 g5 38. Bd2 1-0

[Event "*** Titled Tuesday Blitz"]
[Site "Chess.com"]
[Date "2018.01.02"]
[Round "3"]
[White "Ginger_GM"]
[Black "oskariot"]
[Result "1-0"]
[WhiteElo "2476"]
[BlackElo "2392"]
[TimeControl "180+2"]
[EndTime "13:38:25 PST"]
[Termination "Ginger_GM won by resignation"]

1. d4 Nf6 2. c4 g6 3. Nc3 Bg7 4. e4 d6 5. Be2 O-O 6. Be3 c5 7. e5 Nfd7 8. exd6 exd6 9. Nf3 Nc6 10. O-O cxd4 11. Nxd4 Nde5 12. Ndb5 Be6 13. Nd5 Rc8 14. f4 a6 15. Nbc3 Nd7 16. Qd2 Re8 17. Rad1 Bxd5 18.
Nxd5 Nf6 19. Bf3 Ne4 20. Bxe4 Rxe4 21. b3 Qh4 22. Bf2 Qh5 23. Rfe1 Rce8 24. Rxe4 Rxe4 25. Re1 Qf5 26. Rxe4 Qxe4 27. h3 Nd4 28. Qe3 Qxe3 29. Bxe3 Ne6 30. Kf2 Kf8 31. g4 f5 32. Kf3 Ke8 33. Ke2 Kd7 34. Kd3 Kc6 35. gxf5 gxf5 36. Ne7+ Kd7 37. Nxf5 Bf6 38. Ng3 Ng7 39. Ke4 Be7 40.
Nf5 Nxf5 41. Kxf5 b5 42. cxb5 axb5 43. a4 bxa4 44. bxa4 Bd8 45. Bd4 Bc7 46. Kf6 Kc6 47.
Ke6 1-0

[Event "*** Titled Tuesday Blitz"]
[Site "Chess.com"]
[Date "2018.01.02"]
[Round "3"]
[White "Zufi1811"]
[Black "GM_dmitrij"]
[Result "0-1"]
[WhiteElo "2397"]
[BlackElo "2620"]
[TimeControl "180+2"]
[EndTime "13:38:27 PST"]
[Termination "GM_dmitrij won by resignation"]

1. e4 e5 2. Nf3 Nc6 3. Bb5 a6 4. Ba4 g6 5. c3 d6 6. d4 Bd7 7. O-O Bg7 8. Bg5 f6 9. Be3 Nh6 10. dxe5 fxe5 11. Bg5 Qc8 12. Nbd2 Nf7 13. Be3 O-O 14. Bb3 Kh8 15. Ng5 Nxg5 16. Bxg5 Bf6 17. Bxf6+ Rxf6 18. Nc4 Qf8 19. Ne3 Ne7 20. a4 a5 21. Qd3 b6 22. f3 Qg7 23. Nd5 Nxd5 24. Bxd5 Raf8 25. b4 g5 26. bxa5 bxa5 27. Qe3 g4 28.
fxg4 Bxg4 29. Bc4 Bf3 30. Rf2 Bxe4 31. Raf1 d5 32. Be2 h6 33. h3 Rf4 34. Kh2 Qg5 35.
Qc5 Rxf2 36. Rxf2 Rxf2 37. Qxf2 Qf4+ 38. Qxf4 exf4 39. h4 Kg7 40. Kh3 Bf5+ 41. Bg4 Kf6 42. h5 Kg5 43. Bxf5 Kxf5 44. Kh4 c5 45. g4+ fxg3 46.
Kxg3 Ke4 0-1

[Event "*** Titled Tuesday Blitz"]
[Site "Chess.com"]
[Date "2018.01.02"]
[Round "3"]
[White "Big_Fishy"]
[Black "pedromartinez91"]
[Result "0-1"]
[WhiteElo "2318"]
[BlackElo "2226"]
[TimeControl "180+2"]
[EndTime "13:38:28 PST"]
[Termination "pedromartinez91 won by resignation"]

1. e4 g6 2. d4 Bg7 3. Nc3 c6 4. Nf3 Nf6 5. e5 Nd5 6. Nxd5 cxd5 7. Bd3 d6 8. O-O Nc6 9. exd6 Qxd6 10. c3 O-O 11.
Re1 Bg4 12. h3 Bxf3 13. Qxf3 e5 14. dxe5 Nxe5 15. Qg3 Qb6 16. Bc2 Rfe8 17. Rd1 Nc4 18. Bb3 a5 19. Ba4 Re4 20. b3 Nd6 21. Bf4 Nf5 22.
Qf3 Qe6 23. Bb5 d4 24. Bc4 Qe8 25. cxd4 Nxd4 26. Qg4 h5 27. Qg5 Ne2+ 28. Bxe2 Rxe2 29.
Rac1 Re6 30. Be3 Bf6 31. Qb5 Qxb5 32. Rc4 Rae8 33. Rdc1 Rxe3 34. fxe3 Bg5 35. R1c3 Rxe3 36. Rc8+ Kg7 37. R3c4 Qf5 38. Kh2 Bf4+ 39. g3 Re2+ 40.
Kg1 Qb1+ 41. Rc1 Bxc1 42. Kf1 Rxa2 0-1

[Event "*** Titled Tuesday Blitz"]
[Site "Chess.com"]
[Date "2018.01.02"]
[Round "3"]
[White "TheNomNomFactor"]
[Black "Kawhi_Leonard2"]
[Result "0-1"]
[WhiteElo "2392"]
[BlackElo "2173"]
[TimeControl "180+2"]
[EndTime "13:38:33 PST"]
[Termination "Kawhi_Leonard2 won by resignation"]

1. d4 Nf6 2. c4 c5 3. d5 e6 4. Nc3 exd5 5. cxd5 d6 6. Nf3 g6 7.
Bf4 Bg7 8. Qa4+ Bd7 9. Qb3 b5 10.
Bxd6 Qb6 11. Be5 O-O 12. e3 c4 13. Qc2 Qc5 14. Rd1 Bf5 15. e4 Re8 16. Be2 Nxe4 17.
Nxe4 Bxe4 18. Qxe4 Nd7 19. Qd4 Bxe5 20. Qxc5 Nxc5 21.
Nxe5 Rxe5 22. f3 Rae8 23. Rd2 Nd3+ 24. Kf1 Nf4 25. d6 Rxe2 26. Rxe2 Rxe2 27. g3 Rxb2 28. gxf4 Rd2 29. f5 Rxd6 30. Kf2 Rd2+ 31. Ke3 Rxa2 32. Rb1 a6 33. Kf4 Kg7 34. Re1 Rxh2 35. Re7 c3 36.
Rc7 c2 37. Kg5 Rh5+ 38. Kg4 Rxf5 39. Rxc2 a5 40. Rc7 b4 41. Rb7 Rc5 42. f4 h5+ 43.
Kf3 Rc3+ 44. Ke4 b3 45. Kd4 Rf3 46. Ke4 Rc3 47. Kd4 Rh3 48. Ke5 a4 49. f5 gxf5 50.
Kxf5 Rc3 51. Ra7 b2 0-1

[Event "*** Titled Tuesday Blitz"]
[Site "Chess.com"]
[Date "2018.01.02"]
[Round "3"]
[White "catalin009"]
[Black "danir29"]
[Result "0-1"]
[WhiteElo "2349"]
[BlackElo "2495"]
[TimeControl "180+2"]
[EndTime "13:38:36 PST"]
[Termination "danir29 won by resignation"]

1. e4 c5 2. Nf3 d6 3. Bb5+ Nd7 4. O-O a6 5. Bd3 Ngf6 6. Re1 e6 7. c3 b5 8. Bc2 Qc7 9. d4 Bb7 10. Bd3 Rc8 11. Bf4 e5 12. Bg5 Be7 13. Nbd2 O-O 14. h3 Rfe8 15. d5 c4 16. Bc2 Nc5 17. Nf1 Nfd7 18. Bxe7 Rxe7 19. Ng3 g6 20. Qd2 f6 21. h4 Nf8 22. Nh2 h5 23. Rf1 Rce8 24.
Rae1 Bc8 25. Kh1 Nh7 26. Qh6 Rg7 27. f4 Nd3 28. Bxd3 cxd3 29. f5 Qf7 30. Qe3 g5 31.
Qxd3 gxh4 32. Ne2 Kh8 33. Qh3 Reg8 34. Rf2 Rg4 35. Nxg4 Rxg4 36. Ng1 Ng5 37. Qh2 Nxe4 38. Rxe4 Rxe4 39. Nf3 Qxd5 40. Rd2 Qxd2 41. Nxd2 Re1+ 42. Qg1 Rxg1+ 43. Kxg1 Bxf5 44. Nb3 Be6 45. Nc1 Kg7 46. Kf2 Kg6 47. Kf3 Kf5 48. Ne2 Bd5+ 49. Kf2 Ke4 50. Nc1 f5 51. Ke2 f4 52. Kf2 Bc4 53. b3 Be6 54.
Ke2 h3 55. gxh3 Bxh3 56. Kf2 Bg4 0-1